 Dungeon Crawl Stone Soup version 0.25.0-11-g1f837a76a1 (webtiles) character file.

Game seed: 1612901432056803113

970 kalagan the Cudgeler (level 8, -1/73 HPs)
             Began as a Gargoyle Fighter on June 27, 2020.
             Slain by Sigmund
             ... wielding a +0 scythe
              (7 damage)
             ... on level 4 of the Dungeon.
             The game lasted 00:09:33 (4713 turns).

kalagan the Cudgeler (Gargoyle Fighter)             Turns: 4713, Time: 00:09:34

Health: -1/73      AC: 16    Str: 22    XL:     8   Next: 16%
Magic:  8/8        EV:  9    Int: 17    God:
Gold:   241        SH: 10    Dex:  9    Spells: 7/7 levels left

rFire    + . .     SeeInvis .   a - +0 flail
rCold    + . .     Gourm    .   c - +0 kite shield
rNeg     + . .     Faith    .   b - +0 scale mail
rPois    ∞         Spirit   .   (no helmet)
rElec    +         Reflect  .   o - +1 cloak of Wonder {Int+2 Stlth+}
rCorr    +         Harm     .   (no gloves)
MR       .....                  v - +0 pair of boots
Stlth    ..........             (no amulet)
HPRegen  0.22/turn              g - +6 ring of intelligence
MPRegen  0.11/turn              K - ring of wizardry

@: berserking, resistant, very quick
A: negative energy resistance 1, electricity resistance, unbreathing,
petrification resistance, rot immunity, AC +5
a: no special abilities


You were on level 4 of the Dungeon.
You were not hungry.

You visited 1 branch of the dungeon, and saw 7 of its levels.

You collected 241 gold pieces.

Inventory:

Hand Weapons
 a - a +0 flail (weapon)
 B - a +2 flail of draining
Missiles
 n - 89 poisoned darts (quivered)
Armour
 b - a +0 scale mail (worn)
 c - a +0 kite shield (worn)
 o - the +1 cloak of Wonder (worn) {Int+2 Stlth+}
   (You found it on level 5 of the Dungeon)

   It affects your intelligence (+2).
   It makes you more stealthy.
 u - a scarf of repulsion
 v - a +0 pair of boots (worn)
Jewellery
 g - a +6 ring of intelligence (left hand)
 y - an uncursed ring of see invisible
 K - a ring of wizardry (right hand)
Wands
 d - a wand of digging (7)
 w - a wand of disintegration (29)
 A - a wand of flame (12)
 D - a wand of acid (9)
Scrolls
 e - 3 scrolls of remove curse
 i - a scroll of teleportation
 m - 2 scrolls of blinking {unknown}
 q - a scroll of fear {unknown}
 r - 2 scrolls of magic mapping {unknown}
 s - a scroll of random uselessness {unknown}
 x - 2 scrolls of enchant weapon {unknown}
 E - a scroll of immolation {unknown}
 I - 2 scrolls of enchant armour {unknown}
Potions
 h - a potion of lignification {unknown}
 k - a potion of flight {unknown}
 p - a potion of stabbing {unknown}
 t - a potion of magic {unknown}
 z - a potion of curing {unknown}
 C - a potion of might
 F - a potion of haste {unknown}
 G - a potion of degeneration {unknown}
 H - a potion of brilliance {unknown}
Comestibles
 f - 9 rations
 J - 2 chunks of flesh


   Skills:
 + Level 5.0 Fighting
 * Level 5.2 Maces & Flails
 + Level 5.0 Armour
 * Level 3.7 Dodging
 + Level 4.9 Shields


You had 7 spell levels left.
You didn't know any spells.
Your spell library was empty.

Dungeon Overview and Level Annotations

Branches:
Dungeon (7/15)
 Temple: D:4-7

Altars:
Vehumet
Yredelemnul

Annotations:
D:4 Sigmund


Innate Abilities, Weirdness & Mutations

You are resistant to torment.
Your stone body is resilient. (AC +5)
You are immune to poison.
You resist negative energy. (rN+)
You are resistant to electric shocks. (rElec)
You can survive without breathing.
You are immune to petrification.
You are immune to rotting.


Message History

A puff of flame appears from out of thin air!
The puff of flame hits you.
* * * LOW HITPOINT WARNING * * *
You feel protected.
The adder zombie bites you but does no damage.
Something hits you but does no damage.
Unknown command.
Unknown command.
A red film seems to cover your vision as you go berserk!
You feel yourself moving faster!
You feel mighty! You block the adder zombie's attack.
Unknown command.
You closely miss something. Something hits you.
* * * LOW HITPOINT WARNING * * *
The adder zombie misses you.
Unknown command.
You miss something. You block the adder zombie's attack.
Unknown command.
You miss something. Something hits you!
You die...

#. #. # #. #. ###### #.
#.. #....# #.
.##...##....#####+### #.
.....Z.†....'.#.....####.
########{Z..#............
#####@...###.....#####
#........+ ###'###....
#.###....# #...#####. #.#
#....# #..§# #. #.#
#....# #...# #### #.#
#....# #..§# #... #.#
###### #._.# #.## #.#
#^.§###.## #.# ######..##


You could see an adder zombie.

Vanquished Creatures
  Grinder (D:3)
  Edmund (D:3)
  A black bear (D:5)
  A bullfrog zombie (D:5)
  8 orc wizards
  2 orc priests (D:4)
  2 worker ants (D:4)
  A gnoll (D:5)
  7 adders
  2 oozes
  3 worms
  2 dart slugs
  5 leopard geckos
  14 orcs
  2 ball pythons
  4 giant cockroaches
  12 goblins
  4 hobgoblins
  16 jackals
  2 quokkas
  5 bats
  3 frilled lizards
  7 kobolds
  A leopard gecko skeleton (D:4)
  4 rats (D:1)
110 creatures vanquished.

Vanquished Creatures (others)
  A quokka (D:7)
1 creature vanquished.

Grand Total: 111 creatures vanquished

Notes
Turn   | Place    | Note
-------+----------+-------------------------------------------
     0 | D:1      | kalagan the Gargoyle Fighter began the quest for the Orb.
     0 | D:1      | Reached XP level 1. HP: 14/14 MP: 1/1
   108 | D:1      | Reached XP level 2. HP: 19/19 MP: 2/2
   317 | D:1      | Reached XP level 3. HP: 11/23 MP: 3/3
   845 | D:2      | Reached skill level 1 in Dodging
  1179 | D:2      | Reached XP level 4. HP: 26/29 MP: 4/4
  1350 | D:2      | Found a radiant altar of Vehumet.
  1870 | D:3      | Found a faded altar of an unknown god.
  1986 | D:3      | Reached XP level 5. HP: 33/33 MP: 5/5
  2533 | D:3      | Reached XP level 6. HP: 20/38 MP: 6/6
  2780 | D:3      | Noticed Grinder
  2797 | D:3      | Paralysed by something for 4 turns
  2809 | D:3      | Paralysed by something for 2 turns
  2816 | D:3      | Killed Grinder
  2816 | D:3      | Reached XP level 7. HP: 23/44 MP: 7/7
  3504 | D:4      | Noticed Edmund
  3521 | D:3      | Killed Edmund
  3785 | D:4      | You fall into a shaft and drop 3 floors!
  3871 | D:5      | Entered Level 5 of the Dungeon
  3918 | D:5      | Got a bloodstained cloak
  4097 | D:4      | Reached skill level 5 in Maces & Flails
  4135 | D:4      | Reached XP level 8. HP: 35/48 MP: 8/8
  4313 | D:4      | Identified the +1 cloak of Wonder {Int+2 Stlth+} (You found
                  | it on level 5 of the Dungeon)
  4340 | D:4      | Reached skill level 5 in Armour
  4343 | D:4      | Reached skill level 5 in Fighting
  4500 | D:4      | Found a basalt altar of Yredelemnul.
  4658 | D:4      | Noticed Sigmund
  4713 | D:4      | Slain by Sigmund

Illustrated notes

Levels and vault maps discovered:
D:1:      giann_bridges, layout_basic
D:2:      layout_loops_ring, vehumet_crystals, first_ration,
          hangedman_glass_teeth
D:3:      layout_basic, chequers_ecumenical_altar_simple_redux, uniq_grinder
D:4:      kennysheep_six_static_rooms, layout_basic,
          grunt_temple_overflow_holy_war, uniq_edmund, uniq_crazy_yiuf_cottage,
          uniq_sigmund
D:5:      layout_rooms
D:6:      layout_rooms, nicolae_overflow_quartered_altars,
          minmay_temple_entry_wispy, serial_shops, shop, uniq_pikel, uniq_maggie
D:7:      layout_gridville, elyvilon_altar_4, gammafunk_temple_overflow_arena,
          serial_shops, shop

Skill      XL: |  1  2  3  4  5  6  7  8 |
---------------+-------------------------+-----
Dodging        | 1 2 3 |  3.7
Maces & Flails | 3 4 5 |  5.2
Fighting       | 4 5 |  5.0
Armour         | 4 5 |  5.0
Shields        | 4 |  4.9

Action                   |  1- 3 |  4- 6 |  7- 9 || total
-------------------------+-------+-------+-------++-------
Melee: Flail             |   150 |   159 |   227 ||   536
Throw: Dart              |       |       |     6 ||     6
Evoke: Wand              |       |    12 |       ||    12
  Use: Potion            |       |     2 |     5 ||     7
       Scroll            |       |       |     4 ||     4
  Eat: Chunk             |     1 |     6 |     6 ||    13
Armor: Scale mail        |   117 |    92 |   143 ||   352
Dodge: Dodged            |    85 |    51 |   103 ||   239
       Repelled          |       |     2 |     1 ||     3
Block: Kite shield       |   113 |    79 |   145 ||   337
